Map: Heavy Artillery LE

Players

JimboJimbob

  • Race: Zerg Zerg
  • League: Diamond
  • Spawn Location: 7:00

TheBlackDog

  • Race: Zerg Zerg
  • Spawn Location: 7:00

Massa - Winner!

  • Race: Terran Terran
  • League: Platinum
  • Spawn Location: 3:00

qqq - Winner!

  • Race: Zerg Zerg
  • Spawn Location: 1:00

VOD

Have the link to the VOD?

Description

Time

  • Played on: Feb. 2, 2021, 2:08 p.m.
  • Length: 14:49
Show
View Real Time Build Order
Export as new Build Order

JimboJimbob Zerg 

Build Orders: Hatch First 

Get SALT Encoding   

  12  0:01  Drone  
  13  0:13  Overlord  
  13  0:17  Drone  
  14  0:31  Drone x2  
  16  0:53  Drone  
  16  0:55  Hatchery  
  16  1:08  Spawning Pool  
  16  1:10  Extractor  
  14  1:13  Drone  
  15  1:21  Overlord  
  15  1:24  Drone  
  16  1:28  Drone  
  17  1:36  Drone  
  18  1:49  Drone  
  19  1:57  Queen  
  21  2:16  Hatchery  
  21  2:19  Metabolic Boost  
  20  2:23  Zergling x2  
  21  2:34  Queen  
  23  2:38  Zergling x2  
  24  2:53  Drone x3  
  24  2:54  Drone  
  28  3:18  Zergling x2  
  28  3:19  Zergling x10  
  35  3:20  Zergling x2  
  35  3:28  Baneling Nest  
  32  3:46  Spine Crawler, Queen  
  32  3:47  Drone  
  32  3:48  Drone x2  
  36  3:57  Evolution Chamber  
  33  4:13  Roach Warren  
  30  4:28  Drone x2  
  30  4:29  Drone x6  
  38  4:46  Spine Crawler  
  38  4:52  Overlord x2  
  37  4:53  Roach  
  37  4:57  Drone  
  40  5:12  Roach  
  40  5:13  Roach x4  
  39  5:25  Roach x2  
  42  5:36  Roach x2  
  44  5:43  Roach  
  34  6:04  Roach  
  34  6:05  Drone, Roach x2  
  39  6:16  Drone x2  
  41  6:20  Drone  
  38  6:28  Roach x2  
  38  6:37  Roach  
  38  6:39  Roach  
  31  6:51  Drone  
  31  6:52  Drone x3  
  35  7:00  Roach  
  37  7:02  Extractor  
  36  7:10  Queen  
  36  7:13  Roach  
  40  7:19  Drone x2  
  40  7:21  Extractor  
  40  7:22  Drone  
  34  7:50  Drone x7  
  41  8:01  Lair  
  41  8:02  Drone  
  42  8:06  Hatchery  
  42  8:11  Drone x2  
  42  8:12  Drone x3  
  46  8:16  Drone x2  
  48  8:31  Drone x2  
  50  8:47  Zergling x4  
  52  8:49  Overlord x3  
  52  8:50  Overlord x2  
  52  8:52  Extractor  
  51  9:03  Centrifical Hooks  
  51  9:10  Baneling  
  51  9:11  Baneling x3  
  51  9:13  Zergling x18  
  51  9:16  Roach  
  62  9:30  Drone x4  
  66  9:32  Zergling x2  
  66  9:36  Baneling x10  
  66  9:38  Drone x4  
  69  9:52  Baneling x6  
  69  9:55  Roach  
  69  9:56  Roach x4  
  75  10:14  Roach x8  
  89  10:39  Roach  
  89  10:40  Roach x4  
  79  11:06  Roach  
  79  11:07  Roach x9  
  89  11:14  Zergling x4  
  91  11:20  Zergling x2  
  91  11:21  Zergling x4  
  94  11:36  Roach x2  
  98  11:40  Overlord x2  
  98  11:41  Overlord x4  
  98  11:50  Hatchery, Overlord x3  
  98  11:51  Hatchery  
  98  11:54  Extractor  
  95  11:56  Ravager x3  
  95  11:58  Ravager x3  
  95  11:59  Ravager x4  
  95  12:00  Roach  
  113  12:01  Roach x3  
  113  12:10  Evolution Chamber  
  113  12:13  Evolution Chamber  
  109  12:22  Overseer  
  107  12:24  Roach x2  
  107  12:25  Roach x4  
  107  12:28  Extractor  
  119  12:30  Drone  
  119  12:38  Pneumatized Carapace  
  118  12:49  Roach  
  118  12:50  Roach x5  
  104  13:03  Roach  
  104  13:04  Roach x4  
  86  13:10  Ravager x4  
  88  13:18  Roach x4  
  71  13:38  Roach  
  71  13:39  Roach x6  
  69  13:46  Roach  
  69  13:48  Roach  
  66  13:52  Roach  
  62  14:00  Roach  
  62  14:01  Roach x2  
  64  14:06  Roach x3  
  64  14:08  Roach  
Show
View Real Time Build Order
Export as new Build Order

TheBlackDog Zerg 

Build Orders: Hatch First 

Get SALT Encoding   

  12  0:05  Drone  
  13  0:13  Overlord  
  13  0:19  Drone  
  14  0:31  Drone x2  
  16  0:38  Drone  
  17  0:55  Hatchery  
  16  0:58  Drone  
  17  1:10  Spawning Pool  
  16  1:12  Drone  
  16  1:18  Extractor  
  16  1:19  Drone  
  17  1:28  Drone  
  17  1:31  Drone  
  19  1:43  Drone  
  20  1:53  Drone  
  21  1:54  Extractor  
  21  1:56  Queen  
  22  2:08  Queen  
  22  2:10  Drone x2  
  22  2:14  Drone  
  27  2:20  Metabolic Boost  
  27  2:22  Drone  
  28  2:41  Overlord x2  
  28  2:49  Lair  
  28  2:59  Drone  
  28  3:02  Hatchery  
  28  3:05  Drone x2  
  30  3:10  Drone x2  
  32  3:17  Drone x2  
  34  3:21  Extractor  
  34  3:25  Extractor  
  34  3:26  Drone x2  
  34  3:28  Drone  
  34  3:31  Drone  
  34  3:34  Drone  
  37  3:36  Drone  
  38  3:51  Drone x3  
  38  3:52  Drone  
  38  3:54  Drone  
  43  3:57  Spine Crawler  
  43  3:59  Drone x2  
  44  4:14  Spire  
  44  4:16  Drone x3  
  44  4:17  Drone  
  47  4:24  Queen  
  47  4:26  Zergling x2  
  47  4:29  Overlord  
  50  4:34  Spine Crawler  
  49  4:54  Overlord  
  49  4:55  Queen, Overlord x2  
  51  5:05  Zergling x4  
  51  5:06  Zergling x10  
  58  5:10  Overlord  
  58  5:11  Overlord  
  51  5:30  Mutalisk x3  
  51  5:31  Mutalisk x3  
  63  5:42  Mutalisk x2  
  60  5:43  Mutalisk  
  60  5:50  Overlord  
  60  6:05  Mutalisk x4  
  60  6:09  Mutalisk  
  70  6:24  Mutalisk  
  72  6:32  Zergling x14  
  79  6:33  Zergling x6  
  79  6:34  Zergling x2  
  83  6:51  Mutalisk x2  
  85  7:08  Mutalisk x4  
  85  7:11  Drone x4  
  96  7:16  Drone  
  97  7:23  Drone x2  
  96  8:07  Mutalisk x3  
  95  8:19  Mutalisk x4  
  87  8:36  Zergling x8  
  87  8:37  Zergling x12  
  87  8:38  Zergling x2  
  86  8:58  Drone x5  
  86  8:59  Drone x7  
  86  9:00  Drone  
  93  9:05  Baneling Nest  
  92  9:14  Mutalisk x5  
  92  9:15  Mutalisk  
  92  9:16  Drone  
  106  9:26  Extractor, Overseer  
  106  9:27  Extractor, Pneumatized Carapace  
  106  9:28  Drone x2  
  98  10:00  Drone  
  98  10:05  Drone x6  
  105  10:10  Overseer x2  
  105  10:11  Overseer  
  100  10:50  Overlord  
  100  10:51  Overlord x4  
  93  11:18  Mutalisk x2  
  93  11:19  Mutalisk x7  
  93  11:20  Mutalisk x5  
  93  11:23  Zergling x14  
  93  11:24  Zergling x2  
  129  11:26  Zerg Flyer Armor Level 1  
  129  11:32  Mutalisk  
  129  11:33  Overlord  
  129  11:34  Overlord  
  131  11:45  Queen  
  133  11:48  Mutalisk x2  
  137  11:56  Mutalisk x2  
  141  12:14  Mutalisk x3  
  142  12:46  Corruptor x2  
  142  12:47  Corruptor x3  
  152  13:03  Baneling Nest  
  151  13:07  Zergling x8  
  154  13:20  Overlord  
  154  13:21  Overlord x3  
  74  13:50  Zergling x8  
  74  13:51  Zergling x14  
  85  14:03  Roach Warren  
  85  14:06  Hydralisk Den  
  85  14:07  Hatchery  
  82  14:13  Baneling x6  
  82  14:14  Baneling x6  
  82  14:16  Baneling x5  
  82  14:17  Baneling x5  
  82  14:18  Zergling x6  
  82  14:19  Zergling x10  
  82  14:23  Mutalisk x2  
  94  14:30  Zergling x2  
Show
View Real Time Build Order
Export as new Build Order

Massa Terran - Winner!

Build Orders: 2 Factory, Hellion Opening 

Get SALT Encoding   

  12  0:00  SCV  
  13  0:12  SCV  
  14  0:20  Supply Depot  
  14  0:24  SCV  
  15  0:30  Refinery  
  15  0:42  SCV  
  16  0:45  Barracks  
  16  0:54  SCV  
  17  0:59  Refinery  
  17  1:06  SCV  
  18  1:18  SCV  
  19  1:34  Supply Depot  
  19  1:36  Factory  
  19  1:40  SCV  
  19  1:44  Barracks Tech Lab  
  20  1:52  SCV  
  21  1:56  Factory  
  21  2:03  Marine  
  22  2:10  SCV  
  23  2:29  Barracks Reactor, Hellion  
  25  2:31  Infernal Pre-Igniter  
  25  2:40  Hellion  
  27  2:44  Orbital Command  
  29  2:51  Hellion  
  29  3:13  Supply Depot  
  29  3:14  Supply Depot  
  29  3:15  Hellion  
  31  3:24  Barracks Tech Lab  
  31  3:35  SCV, Hellion x2  
  31  3:40  Hellion  
  38  3:48  Stimpack  
  38  3:56  Hellion x2  
  42  4:12  Hellion  
  44  4:18  Hellion  
  46  4:33  Supply Depot  
  46  4:34  Supply Depot  
  46  4:47  SCV  
  46  4:52  Engineering Bay  
  47  4:55  Hellion x3  
  51  5:36  Hellion x3  
  37  6:06  Terran Infantry Weapons Level 1  
  37  6:10  Missile Turret  
  37  6:15  Marine  
  37  6:16  Combat Shield  
  37  6:18  Command Center  
  38  6:21  Command Center  
  36  6:32  Missile Turret  
  32  6:33  Marine  
  27  6:40  Widow Mine x2  
  27  6:42  Widow Mine  
  33  6:49  Armory  
  33  6:50  Marine  
  34  7:01  Widow Mine  
  34  7:02  Widow Mine  
  34  7:03  Widow Mine  
  34  7:05  Barracks  
  40  7:09  Barracks  
  40  7:12  Marine  
  42  7:22  SCV  
  42  7:23  Widow Mine x2  
  42  7:24  Widow Mine  
  48  7:30  Marine  
  48  7:35  SCV  
  47  7:47  Widow Mine x2, SCV  
  47  7:48  Widow Mine  
  52  7:55  Marine x2  
  53  8:09  Widow Mine x3  
  54  8:15  Marine x3  
  57  8:33  Marine x3  
  55  8:52  Widow Mine x2  
  55  9:08  SCV x3  
  58  9:15  Terran Infantry Weapons Level 2  
  58  9:28  Orbital Command  
  58  9:30  Orbital Command  
  58  9:31  Marine x2  
  60  10:01  Widow Mine x3  
  60  10:03  Barracks Reactor, Barracks Tech Lab, Marine  
  67  10:10  Barracks  
  63  10:21  Marine  
  63  10:23  Widow Mine x2  
  62  10:35  Drilling Claws  
  62  10:37  Widow Mine  
  62  10:39  Marine  
  62  10:41  Marine  
  62  10:42  Marine x2  
  62  10:44  Widow Mine x2  
  66  10:50  SCV x2  
  68  10:57  Orbital Command, Marine  
  68  10:59  Widow Mine, Marine x2  
  68  11:00  Marine  
  74  11:05  Widow Mine  
  74  11:06  Widow Mine  
  78  11:15  Marine  
  78  11:17  Marine x3  
  78  11:18  SCV x2  
  84  11:23  SCV  
  85  11:31  Terran Infantry Armor Level 1  
  85  11:32  Supply Depot  
  85  11:36  Supply Depot  
  85  11:47  Barracks Reactor  
  85  11:53  Widow Mine x2, SCV x2, Marine x2  
  85  11:54  Smart Servos  
  93  11:57  Missile Turret  
  93  11:58  Widow Mine, SCV, Marauder x2  
  100  12:01  Refinery  
  100  12:05  SCV  
  101  12:12  Terran Vehicle Weapons Level 1  
  101  12:17  Engineering Bay  
  101  12:20  Supply Depot  
  101  12:21  Supply Depot  
  101  12:23  Supply Depot  
  101  12:27  Supply Depot  
  101  12:41  Widow Mine x2, Marine x2  
  101  12:42  Marauder  
  101  12:43  SCV x3, Marauder  
  112  12:50  Widow Mine  
  112  12:51  Marine x2  
  112  12:55  SCV x3  
  111  12:59  Marine x2  
  111  13:02  Marine  
  111  13:03  Widow Mine, Siege Tank  
  111  13:04  Marauder  
  117  13:07  SCV x3  
  117  13:09  Marine  
  117  13:11  Widow Mine  
  121  13:18  Marine  
  121  13:19  SCV, Marine x2  
  125  13:21  Marauder  
  125  13:26  Marauder, Marine  
  127  13:35  Siege Tank  
  127  13:36  Marine x2  
  127  13:37  Marine  
  125  13:42  Marauder  
  125  13:44  Marine  
  125  13:47  Marauder  
  116  13:54  Marine x3  
  119  14:02  Marine  
  119  14:03  Marauder  
  119  14:08  Marauder  
  121  14:10  Siege Tank  
  121  14:12  Marine x3  
  114  14:25  Marauder  
  114  14:27  Marine  
  114  14:30  Marine x3  
Show
View Real Time Build Order
Export as new Build Order

qqq Zerg - Winner!

Build Orders: Hatch First, Roach Hydra 

Get SALT Encoding   

  12  0:01  Drone  
  13  0:09  Drone  
  14  0:18  Overlord  
  14  0:49  Hatchery, Drone  
  14  0:58  Drone x2  
  16  1:07  Extractor  
  16  1:11  Drone  
  16  1:14  Drone  
  17  1:30  Spawning Pool  
  17  1:32  Drone  
  17  1:36  Drone  
  18  1:43  Drone  
  19  1:55  Drone  
  20  2:05  Drone  
  20  2:07  Overlord  
  21  2:17  Lair  
  21  2:21  Drone, Roach Warren  
  21  2:22  Drone  
  22  2:31  Queen  
  22  2:34  Drone  
  25  2:40  Drone  
  26  2:45  Extractor  
  26  2:46  Evolution Chamber  
  26  2:50  Drone  
  24  2:53  Drone  
  24  2:55  Drone  
  24  2:57  Drone  
  27  3:00  Drone  
  28  3:05  Overlord  
  28  3:11  Drone  
  29  3:14  Glial Reconstitution  
  29  3:18  Drone  
  30  3:22  Roach  
  32  3:40  Roach  
  34  3:41  Roach x2  
  34  3:42  Drone  
  39  3:50  Roach  
  39  3:51  Drone, Roach  
  39  3:53  Overlord  
  39  3:54  Overlord  
  44  4:02  Zerg Ground Armor Level 1  
  44  4:17  Drone  
  45  4:19  Drone  
  45  4:23  Roach  
  48  4:27  Roach  
  48  4:28  Hatchery  
  48  4:29  Roach  
  51  4:31  Drone  
  51  4:33  Drone  
  51  4:37  Roach  
  55  4:46  Drone x2  
  55  4:47  Hydralisk Den  
  55  4:51  Roach  
  58  4:54  Overlord  
  58  4:56  Roach  
  60  5:12  Roach x2  
  60  5:13  Roach x2  
  64  5:18  Roach  
  64  5:27  Roach x3  
  68  5:28  Overlord  
  68  5:29  Overlord x2  
  64  5:57  Roach x2  
  64  5:58  Roach x3  
  74  6:05  Queen  
  74  6:08  Drone x3  
  74  6:09  Roach  
  74  6:10  Overlord, Roach x2  
  79  6:16  Hydralisk  
  77  6:24  Muscular Augments  
  77  6:30  Overlord x2  
  77  6:31  Drone  
  77  6:32  Drone x3  
  79  6:36  Extractor  
  79  6:37  Spore Crawler  
  79  6:38  Extractor  
  74  6:40  Spore Crawler  
  61  6:51  Hydralisk x3  
  61  6:53  Drone x4  
  69  7:01  Spore Crawler  
  64  7:07  Hydralisk  
  60  7:12  Drone x2, Hydralisk  
  56  7:17  Spore Crawler  
  56  7:18  Spore Crawler  
  54  7:22  Spore Crawler  
  54  7:23  Spore Crawler  
  54  7:26  Drone x4  
  53  7:30  Hydralisk  
  53  7:33  Hydralisk  
  57  7:46  Hydralisk  
  57  7:47  Hydralisk x2  
  57  7:49  Drone x2  
  63  7:59  Hydralisk  
  63  8:00  Hydralisk  
  67  8:07  Infestation Pit  
  66  8:14  Grooved Spines  
  62  8:21  Hydralisk x2  
  65  8:39  Hydralisk x2  
  65  8:40  Hydralisk  
  71  8:41  Drone  
  71  8:42  Drone  
  73  8:56  Hatchery  
  72  9:03  Hydralisk x2  
  72  9:04  Drone x2  
  72  9:07  Zerg Missile Weapons Level 1  
  72  9:09  Hive  
  78  9:13  Hydralisk  
  78  9:15  Roach  
  78  9:16  Roach  
  84  9:27  Roach x3  
  84  9:28  Roach  
  88  10:06  Hydralisk x3  
  88  10:07  Hydralisk x3  
  84  10:13  Drone  
  84  10:14  Lurker Den  
  96  10:16  Spore Crawler  
  95  10:22  Queen  
  95  10:23  Drone  
  95  10:27  Hatchery  
  97  10:41  Viper, Roach x4  
  108  10:43  Viper  
  89  11:09  Hydralisk  
  89  11:10  Hydralisk x4  
  87  11:13  Roach x3  
  87  11:14  Roach  
  87  11:17  Drone  
  87  11:18  Drone  
  97  11:26  Roach x2  
  97  11:27  Roach  
  97  11:29  Drone  
  104  11:38  Extractor  
  104  11:44  Zerg Missile Weapons Level 2  
  104  11:48  Lurker  
  104  11:52  Drone  
  104  11:53  Overlord x3  
  106  12:01  Hatchery  
  99  12:36  Hydralisk x3  
  99  12:37  Hydralisk x8  
  101  12:43  Spore Crawler  
  120  12:44  Spore Crawler  
  120  12:46  Hydralisk x2, Spore Crawler  
  120  12:48  Drone  
  123  13:08  Hydralisk x3  
  123  13:11  Overlord x2  
  129  13:13  Drone  
  128  13:31  Hydralisk  
  128  13:32  Hydralisk x3  
  119  13:51  Hydralisk x3  
  119  13:52  Hydralisk x2  
  119  13:54  Drone  
  130  14:16  Roach  
  130  14:17  Roach x4  
  136  14:18  Drone x3  
  141  14:30  Extractor, Drone  
  139  14:31  Extractor  
Tags
 
Add a new tag
Caveats
  • Supply blocks, unpowered buildings, or Contaminate may cause inaccurate times.
  • Supply counts are checked every 10 seconds.